 Dungeon Crawl Stone Soup version 0.29.1-1-gd02db6906a (webtiles) character file.

Game seed: 13945686482253550568

49 MisterFreud the Ducker (level 3, -2/35 HPs)
             Began as a Gnoll Monk on Oct 2, 2022.
             Frozen to death by an endoplasm (3 damage)
             ... on level 2 of the Dungeon.
             The game lasted 00:02:01 (1385 turns).

MisterFreud the Ducker (Gnoll Monk)                 Turns: 1385, Time: 00:02:01

Health: -2/35      AC:  2    Str: 10    XL:     3   Next: 75%
Magic:  4/4        EV: 15    Int: 11    God:
Gold:   111        SH:  0    Dex: 14    Spells: 4/4 levels left

rFire   . . .      SeeInvis .   a - +0 short sword
rCold   . . .      Faith    .   (no shield)
rNeg    . . .      Spirit   .   b - +0 robe
rPois   .          Reflect  .   (no helmet)
rElec   .          Harm     .   (no cloak)
rCorr   .          Rampage  .   (no gloves)
Will    .....                   (no boots)
Stlth   +++.......              (no amulet)
HPRegen 0.11/turn               (no ring)
MPRegen 0.09/turn               (no ring)

@: no status effects
A: fangs 1, strong nose, distributed training
a: no special abilities


You were on level 2 of the Dungeon.
You visited 1 branch of the dungeon, and saw 2 of its levels.

You collected 111 gold pieces.

Inventory:

Hand Weapons
 a - a +0 short sword (weapon)
Armour
 b - a +0 robe (worn)
Jewellery
 d - a ring of protection from fire
 f - a ring of fire
Potions
 c - a potion of ambrosia
 h - a potion of brilliance
 l - a potion of mutation {unknown}


   Skills:
 + Level 6.5 Fighting
 + Level 6.5 Short Blades
 + Level 1.0 Long Blades
 + Level 1.0 Axes
 + Level 1.0 Maces & Flails
 + Level 1.0 Polearms
 + Level 1.0 Staves
 + Level 1.0 Ranged Weapons
 + Level 1.0 Throwing
 + Level 1.0 Armour
 + Level 6.5 Dodging
 + Level 4.2 Stealth
 + Level 1.0 Shields
 + Level 1.0 Unarmed Combat
 + Level 1.0 Spellcasting
 + Level 0.7 Conjurations
 + Level 0.7 Hexes
 + Level 0.7 Summonings
 + Level 0.7 Necromancy
 + Level 0.7 Translocations
 + Level 0.7 Transmutations
 + Level 0.7 Fire Magic
 + Level 0.7 Ice Magic
 + Level 0.7 Air Magic
 + Level 0.7 Earth Magic
 + Level 0.7 Poison Magic
 + Level 1.0 Invocations
 + Level 1.0 Evocations


You had 4 spell levels left.
You didn't know any spells.
Your spell library contained the following spells:

 Spells                   Type           Power      Damage    Failure   Level
 Gell's Gravitas          Tloc           2%         N/A       58%         3
 Lesser Beckoning         Tloc           2%         N/A       58%         3
 Teleport Other           Tloc           2%         N/A       58%         3


Dungeon Overview and Level Annotations

Branches:
Dungeon (2/15)

Altars:


Innate Abilities, Weirdness & Mutations

You have very sharp teeth.
Your uncanny sense of smell can sniff out nearby items.
Your experience applies equally to all skills.


Message History

You closely miss the kobold.
A kobold comes into view. It is wielding a +0 whip.
The kobold hits you with a +0 whip.
You are too injured to fight recklessly!
You closely miss the kobold.
The kobold shouts!
You bite the kobold, but do no damage. The kobold hits you with a +0 whip.
You closely miss the kobold. The kobold hits you with a +0 whip.
* * * LOW HITPOINT WARNING * * *
You are too injured to fight recklessly!
You closely miss the kobold.
You are too injured to fight recklessly!
You barely miss the kobold. The kobold misses you.
You hit the kobold. You bite the kobold.
You kill the kobold!
You hit the kobold.
The kobold is moderately wounded.
The kobold closely misses you.
You hit the kobold.
You kill the kobold!
The goblin closely misses you.
Items here: ( )) †.
You barely miss the goblin. The goblin hits you with a +0 dagger.
* * * LOW HITPOINT WARNING * * *
You barely miss the goblin. The goblin hits you but does no damage.
You hit the goblin but do no damage. The goblin hits you with a +0 dagger.
* * * LOW HITPOINT WARNING * * *
You hit the goblin but do no damage. The goblin completely misses you.
You hit the goblin.
The goblin is heavily wounded.
You hit the goblin.
You kill the goblin!
The endoplasm freezes you.
You are frozen.
* * * LOW HITPOINT WARNING * * *
You hit the endoplasm.
The endoplasm is severely wounded.
The endoplasm freezes you.
You are frozen.
You die...

#.# ##.## ####....###
#. #.........
.#####.....#..
.#...††....#.# ##
..#....#...# .##
##.##..).#..#
#.###..##.#@[.#
######..#......J#..#
.........###.....###
######.#.###.#..#...#
#.#.....#.#....J#
#.####.$.........#
#.. .....#.....#. ...
...##..#...#..
#########...###...


You could see an endoplasm.

Vanquished Creatures
  5 bats
  2 endoplasms
  2 giant cockroaches
  3 goblins
  9 hobgoblins
  8 jackals
  2 quokkas
  2 ball pythons (D:1)
  A frilled lizard (D:1)
  6 kobolds
  A rat (D:2)
41 creatures vanquished.

Notes
Turn   | Place    | Note
-------+----------+-------------------------------------------
     0 | D:1      | MisterFreud the Gnoll Monk began the quest for the Orb.
     0 | D:1      | Reached XP level 1. HP: 23/23 MP: 1/1
   205 | D:1      | Reached XP level 2. HP: 28/29 MP: 2/2
   580 | D:1      | Reached XP level 3. HP: 32/35 MP: 3/3
  1069 | D:2      | Reached skill level 1 in Invocations
  1366 | D:2      | Reached skill level 1 in Long Blades
  1366 | D:2      | Reached skill level 1 in Axes
  1366 | D:2      | Reached skill level 1 in Maces & Flails
  1366 | D:2      | Reached skill level 1 in Polearms
  1366 | D:2      | Reached skill level 1 in Staves
  1366 | D:2      | Reached skill level 1 in Ranged Weapons
  1366 | D:2      | Reached skill level 1 in Throwing
  1366 | D:2      | Reached skill level 1 in Armour
  1366 | D:2      | Reached skill level 1 in Shields
  1366 | D:2      | Reached skill level 1 in Unarmed Combat
  1366 | D:2      | Reached skill level 1 in Spellcasting
  1366 | D:2      | Reached skill level 1 in Evocations
  1384 | D:2      | HP: 1/35 [frozen (2)]
  1385 | D:2      | Frozen to death by an endoplasm

Illustrated notes

Levels and vault maps discovered:
D:1:      evilmike_arrival_rings, layout_loops_ring
D:2:      minmay_chambers_of_twos, layout_loops_ring,
          ebering_ecumenical_altar_webs, minmay_splitting_lines

Skill      XL: |  1  2  3 |
---------------+----------+-----
Invocations    | 1 |  1.0
Long Blades    | 1 |  1.0
Axes           | 1 |  1.0
Maces & Flails | 1 |  1.0
Polearms       | 1 |  1.0
Staves         | 1 |  1.0
Ranged Weapons | 1 |  1.0
Throwing       | 1 |  1.0
Armour         | 1 |  1.0
Shields        | 1 |  1.0
Unarmed Combat | 1 |  1.0
Spellcasting   | 1 |  1.0
Evocations     | 1 |  1.0
Fighting       | |  6.5
Short Blades   | |  6.5
Dodging        | |  6.5
Stealth        | |  4.2
Conjurations   | |  0.7
Hexes          | |  0.7
Summonings     | |  0.7
Necromancy     | |  0.7
Translocations | |  0.7
Transmutations | |  0.7
Fire Magic     | |  0.7
Ice Magic      | |  0.7
Air Magic      | |  0.7
Earth Magic    | |  0.7
Poison Magic   | |  0.7

Action                   || total
-------------------------++-------
Melee: Short sword       ||   136
       Bite              ||    20
       Punch             ||     2
  Use: Scroll            ||     6
 Stab: Sleeping          ||    10
Armor: Robe              ||    12
Dodge: Dodged            ||    97
